 Dungeon Crawl Stone Soup version 0.30-a0-782-ge64f9170bb (webtiles) character file.

Game seed: 14692414847461732378

5063 funkygono the Cleaver (level 10, -7/88 HPs)
             Began as a Minotaur Fighter on Mar 13, 2023.
             Was an Elder of Okawaru.
             Mangled by a hornet (9 damage)
             ... on level 9 of the Dungeon.
             The game lasted 00:10:27 (6034 turns).

funkygono the Cleaver (Minotaur Fighter)            Turns: 6034, Time: 00:10:28

Health: -7/88      AC: 22    Str: 26    XL:     10   Next: 31%
Magic:  9/9        EV:  8    Int:  5    God:    Okawaru [****..]
Gold:   503        SH:  5    Dex:  9    Spells: 9/9 levels left

rFire   . . .      SeeInvis .    a - +0 war axe
rCold   . . .      Faith    .    c - +0 buckler
rNeg    + . .      Spirit   .    y - +0 plate armour
rPois   .          Reflect  .    k - +1 hat
rElec   .          Harm     .    i - +1 cloak
rCorr   .          Rampage  .    v - +1 pair of gloves
Will    .....                    s - +1 pair of boots Stlth
                                 b - amulet of regeneration
HPRegen 1.14/turn                o - ring of positive energy
MPRegen 0.11/turn                (no ring)

@: lethally poisoned (-7 -> -26), slowed, very slow
A: horns 2, retaliatory headbutt
a: Renounce Religion, Heroism, Finesse


You were on level 9 of the Dungeon.
You worshipped Okawaru.
Okawaru was greatly pleased with you.
You visited 2 branches of the dungeon, and saw 10 of its levels.

You collected 503 gold pieces.

Inventory:

Hand Weapons
 a - a +0 war axe (weapon)
 C - a +3 hand axe of freezing
Missiles
 e - 9 boomerangs (quivered)
 n - 3 boomerangs of dispersal
 w - 15 poisoned darts
 F - a curare-tipped dart
Armour
 c - a +0 buckler (worn)
 i - a +1 cloak (worn)
 k - a +1 hat (worn)
 s - a +1 pair of boots (worn)
 t - a +0 chain mail
 v - a +1 pair of gloves (worn)
 y - a +0 plate armour (worn)
Jewellery
 b - an amulet of regeneration (around neck)
 o - a ring of positive energy (left hand)
 D - a ring of ice
Wands
 x - a wand of roots (17)
 B - a wand of paralysis (6)
 G - a wand of flame (19)
Scrolls
 g - 2 scrolls of fog
 h - 5 scrolls of teleportation
 u - 2 scrolls of blinking
 E - 2 scrolls of fear
Potions
 d - 3 potions of might
 f - a potion of lignification
 j - a potion of berserk rage
 l - 7 potions of curing
 m - 2 potions of magic
 p - a potion of invisibility
 q - 3 potions of mutation
 r - a potion of ambrosia
 z - 2 potions of heal wounds
 A - 3 potions of resistance


   Skills:
 + Level 8.1 Fighting
 + Level 12.9 Axes
 + Level 9.3 Armour
 + Level 3.0 Dodging
 + Level 1.1 Stealth
 + Level 6.6 Shields


You had 9 spell levels left.
You didn't know any spells.
Your spell library contained the following spells:

 Spells                   Type           Power      Damage    Failure   Level
 Slow                     Hex            0%         N/A       100%        1
 Cigotuvi's Dreadful Rot  Necr/Pois/Air  0%         N/A       100%        2
 Poisonous Vapours        Pois/Air       0%         N/A       100%        2
 Confusing Touch          Hex            0%         N/A       100%        3
 Mephitic Cloud           Conj/Pois/Air  0%         N/A       100%        3
 Portal Projectile        Hex/Tloc       0%         N/A       100%        3
 Vampiric Draining        Necr           0%         2d6       100%        3
 Leda's Liquefaction      Hex/Erth       0%         N/A       100%        4
 Call Canine Familiar     Summ           Unusable   N/A       N/A         3

Dungeon Overview and Level Annotations

Branches:
Dungeon (9/15)             Temple (1/1) D:5
   Lair: D:8-11         Orc: D:9-12

Altars:
Ashenzari
Cheibriados
Dithmenos
Elyvilon
Fedhas
Gozag
Hepliaklqana
Kikubaaqudgha
Makhleb
Nemelex Xobeh
Okawaru
Qazlal
Ru
Sif Muna
Trog
Uskayaw
Vehumet
Wu Jian
Xom
Yredelemnul
Zin
The Shining One


Innate Abilities, Weirdness & Mutations

You have a pair of horns on your head.
You reflexively headbutt those who attack you in melee.


Message History

You slash the hornet! You headbutt the hornet.
The hornet is severely wounded.
You closely miss the killer bee.
You feel very sick. The killer bee barely misses you. You furiously retaliate!
You headbutt the killer bee, but do no damage.
The killer bee stings you but does no damage.
The hornet stings you.
You are more poisoned.
You shrug off the repeated paralysis!
The killer bee stings you but does no damage.
The hornet stings you.
* * * LOW HITPOINT WARNING * * *
You feel as though you will be slow longer.
You closely miss the hornet. Your headbutt misses the hornet.
The hornet is severely wounded.
You miss the killer bee.
You feel very sick.
The killer bee stings you but does no damage.
You block the hornet's attack.
The killer bee stings you but does no damage.
The hornet stings you.
* * * LOW HITPOINT WARNING * * *
You are lethally poisoned!
You feel as though you will be slow longer.
The killer bee stings you.
* * * LOW HITPOINT WARNING * * *
You barely miss the hornet. Your headbutt misses the hornet.
The hornet is severely wounded.
You slash the killer bee!
* * * LOW HITPOINT WARNING * * *
You feel extremely sick. The killer bee stings you.
* * * LOW HITPOINT WARNING * * *
You are more poisoned.
The killer bee poisons you!
The hornet stings you but does no damage.
The killer bee stings you but does no damage.
The hornet stings you!
You die...

... ....
..# ....
... ....
#.##...
#####.....#
#...#.#y..#
#..#..y#y.#
#.#...@y#.#
##.......#
#.....####
##.......##
#.#.....#.#
#..#...#..#
#...#.#...#
#####.....#
#...#.#...#


You could see a hornet and 3 killer bees.

Vanquished Creatures
  2 two-headed ogres
  A wyvern (D:8)
  A steam dragon (D:7)
  Edmund (D:4)
  2 water moccasins
  2 ice beasts
  2 sky beasts
  A black bear (D:6)
  3 orc warriors
  A gnoll sergeant (D:5)
  6 bullfrogs
  4 necrophages
  3 scorpions (D:6)
  A water moccasin zombie (D:5)
  10 wights
  A killer bee (D:9)
  A howler monkey (D:6)
  A bullfrog zombie (D:5)
  6 hounds
  A human zombie (D:5)
  A jelly (D:4)
  4 orc priests
  4 iguanas
  7 orc wizards
  5 mummies (D:5)
  10 adders
  4 gnolls
  3 white imps
  2 worms (D:3)
  3 dart slugs
  31 orcs
  5 endoplasms
  A giant cockroach (D:2)
  5 hobgoblins
  3 jackals (D:4)
  5 quokkas
  8 ball pythons
  2 bats
  2 frilled lizards
  5 goblins
  10 kobolds
  5 rats
175 creatures vanquished.

Vanquished Creatures (others)
  A kobold brigand (D:7)
  A kobold (D:7)
  2 fungi (D:3)
  4 plants
8 creatures vanquished.

Grand Total: 183 creatures vanquished

Notes
Turn   | Place    | Note
-------+----------+-------------------------------------------
     0 | D:1      | funkygono the Minotaur Fighter began the quest for the Orb.
     0 | D:1      | Reached XP level 1. HP: 19/19 MP: 0/0
   213 | D:1      | Reached XP level 2. HP: 25/27 MP: 1/1
  1022 | D:2      | Reached XP level 3. HP: 32/33 MP: 2/2
  1059 | D:2      | Reached skill level 3 in Axes
  1261 | D:2      | Reached XP level 4. HP: 40/40 MP: 3/3
  1311 | D:2      | Identified the +5 spear of Unpleasantness {antimagic, rElec
                  | Int+3}
  1492 | D:3      | Reached skill level 4 in Axes
  1500 | D:3      | Reached skill level 5 in Armour
  1500 | D:3      | Reached XP level 5. HP: 12/47 MP: 4/4
  1733 | D:3      | Found a faded altar of an unknown god.
  1856 | D:3      | Reached skill level 1 in Dodging
  2538 | D:4      | Reached skill level 5 in Axes
  2538 | D:4      | Reached XP level 6. HP: 48/53 MP: 5/5
  2604 | D:4      | Reached skill level 5 in Fighting
  2708 | D:4      | Noticed Edmund
  2722 | D:4      | Killed Edmund
  2723 | D:4      | Reached skill level 6 in Axes
  2723 | D:4      | Reached XP level 7. HP: 60/61 MP: 6/6
  2808 | D:4      | Found a stormy altar of Qazlal.
  2831 | D:4      | Found a glowing silver altar of Zin.
  2844 | D:4      | Found an ancient bone altar of Kikubaaqudgha.
  3345 | D:5      | Entered Level 5 of the Dungeon
  3372 | D:5      | Reached skill level 7 in Axes
  3471 | D:5      | Found a staircase to the Ecumenical Temple.
  3484 | Temple   | Entered the Ecumenical Temple
  3555 | Temple   | Became a worshipper of Warmaster Okawaru
  4138 | D:5      | Reached skill level 8 in Axes
  4138 | D:5      | Reached XP level 8. HP: 66/70 MP: 7/7
  4215 | D:5      | Found a basalt altar of Yredelemnul.
  4285 | D:6      | Reached * piety under Okawaru
  4286 | D:6      | Reached skill level 5 in Shields
  4305 | D:6      | Reached skill level 9 in Axes
  4613 | D:6      | Reached skill level 10 in Axes
  4628 | D:6      | Reached ** piety under Okawaru
  4629 | D:6      | Reached XP level 9. HP: 56/78 MP: 8/8
  4674 | D:6      | Noticed a two-headed ogre
  4681 | D:6      | Killed a two-headed ogre
  4682 | D:6      | Reached skill level 11 in Axes
  4938 | D:7      | Reached *** piety under Okawaru
  5076 | D:7      | Reached skill level 12 in Axes
  5173 | D:7      | Found a radiant altar of Vehumet.
  5202 | D:7      | Reached skill level 1 in Stealth
  5501 | D:8      | Identified the +7 spear "Puanoer" {heavy, rPois}
  5544 | D:8      | Reached XP level 10. HP: 71/86 MP: 9/9
  5702 | D:8      | Noticed a two-headed ogre
  5715 | D:8      | Killed a two-headed ogre
  5715 | D:8      | Reached **** piety under Okawaru
  6029 | D:9      | Paralysed by a hornet for 3 turns
  6034 | D:9      | HP: 2/88 [killer bee (4)]
  6034 | D:9      | Mangled by a hornet

Illustrated notes

Levels and vault maps discovered:
D:1:      kilobyte_arrival_exit_the_forest, layout_basic
D:2:      layout_rooms, grunt_ministairs_14
D:3:      layout_loops_cross, shapermc_ecumenical_altar_mp_urbaneastern
D:4:      layout_loops_corners, nicolae_qazlal_eye_of_the_storm,
          mainiacjoe_overflow_catwalk_spiral, uniq_edmund
D:5:      layout_basic, lemuel_mausoleum_altar_yredelemnul, temple_green
D:6:      layout_rooms, kennysheep_generic_room_6
D:7:      layout_rooms, vehumet_altar_wand_db
D:8:      layout_cave_pools
D:9:      minmay_slanted_spiral_squares, layout_irregular_city,
          grunt_lair_entry_orc_guard_hut, david_orc_5, serial_shops,
          nicolae_shop_behind_doors, nicolae_kite_square_tiling_tiny,
          hangedman_decor_diamond_cutter
Temple:   minmay_crystal_spiral_temple

Skill      XL: |  1  2  3  4  5  6  7  8  9 10 |
---------------+-------------------------------+-----
Armour         | 4 5 6 7 8 9 |  9.3
Fighting       | 4 5 6 7 8 |  8.1
Axes           | 3 4 5 6 8 10 12 | 12.9
Shields        | 4 5 6 |  6.6
Dodging        | 1 2 3 |  3.0
Stealth        | 1 |  1.1

Action                     |  1- 3 |  4- 6 |  7- 9 | 10-12 || total
---------------------------+-------+-------+-------+-------++-------
  Melee: War axe           |    71 |   141 |   263 |    47 ||   522
         Headbutt          |     6 |    19 |    42 |    13 ||    80
  Evoke: Wand              |       |       |     1 |       ||     1
    Use: Scroll            |       |     9 |    11 |     1 ||    21
 Armour: Scale mail        |    41 |    34 |       |       ||    75
         Plate armour      |       |    58 |   171 |    32 ||   261
         Chain mail        |       |     9 |       |       ||     9
  Dodge: Dodged            |    25 |    42 |    99 |    14 ||   180
  Block: Buckler           |    17 |    28 |    49 |     9 ||   103

Table legend: (Time is in decaauts)
 A = Elapsed time spent in this place.
 B = Non-inter-level travel time spent in this place.
 C = Inter-level travel time spent in this place.
 D = Time resting spent in this place.
 E = Time spent auto-exploring this place.
 F = Levels seen in this place.
 G = Mean time per level.
                   A        B        C        D        E       F      G
               +--------+--------+--------+--------+--------+-----+--------+
         Total |   6134 |   5864 |    270 |      0 |   4544 |  10 |  613.4 |
       Dungeon |   5921 |   5736 |    185 |      0 |   4434 |   9 |  657.9 |
        Temple |    212 |    128 |     84 |      0 |    110 |   1 |  212.0 |
               +--------+--------+--------+--------+--------+-----+--------+

Top non-repeatable levels by time:
     D:1: 1029 daAuts
     D:3: 1024 daAuts
     D:4: 938 daAuts
     D:5: 729 daAuts
     D:6: 603 daAuts
     D:7: 566 daAuts
     D:8: 532 daAuts
     D:2: 440 daAuts
  Temple: 212 daAuts
     D:9: 56 daAuts
